 Dungeon Crawl Stone Soup version 0.20-a0-299-gec7c366 (webtiles) character file.

100 snakesoul the Sneak (level 4, -2/30 HPs)
             Began as a Vampire Enchanter on Dec 15, 2016.
             Slain by Roxy's ghost (4 damage)
             ... on level 3 of the Dungeon.
             The game lasted 00:05:55 (3072 turns).

snakesoul the Sneak (Vampire Enchanter)             Turns: 3072, Time: 00:05:55

Health: -2/30      AC:  4    Str:  7    XL:     4   Next: 46%
Magic:  12/17      EV: 13    Int: 17    God:
Gold:   107        SH:  0    Dex: 15    Spells: 2/8 levels left

rFire  + . .     SeeInvis +     a - +1 dagger
rCold  + . .     Gourm    .     b - +1 robe
rNeg   + + +     Faith    .     (no shield)
rPois  ∞         Spirit   .     (no helmet)
rElec  .         Reflect  .     (no cloak)
rCorr  .         Harm     .     g - +0 pair of gloves
MR     .....                    (no boots)
Stlth  +++++.....               h - amulet of magic regeneration
                                n - ring of magical power
                                f - ring of fire

@: bloodless, non-regenerating
A: fangs 3, see invisible, unbreathing
a: Bat Form


You were on level 3 of the Dungeon.
You were bloodless.

You visited 1 branch of the dungeon, and saw 3 of its levels.

You collected 107 gold pieces.

Inventory:

Hand Weapons
 a - a +1 dagger (weapon)
Armour
 b - a +1 robe (worn)
 g - a +0 pair of gloves (worn)
 l - a +0 leather armour
Jewellery
 f - a ring of fire (left hand)
 h - an amulet of magic regeneration (around neck)
 n - a ring of magical power (right hand)
Scrolls
 e - 4 scrolls of identify {unknown}
 i - a scroll of magic mapping {unknown}
 j - a scroll of enchant weapon {unknown}
 m - 2 scrolls of remove curse {unknown}
 o - a scroll of teleportation {unknown}
 p - a scroll of amnesia {unknown}
Potions
 k - a potion of agility {unknown}
Books
 c - a book of Maledictions

   Spells                             Type                      Level
   a - Corona                         Hexes                        1
   b - Ensorcelled Hibernation        Hexes/Ice                    2
   c - Confuse                        Hexes                        3
   d - Tukima's Dance                 Hexes                        3
   e - Dazzling Spray                 Conjuration/Hexes            3


   Skills:
 + Level 2.5 Short Blades
 - Level 2.1 Dodging
 + Level 5.6 Stealth
 + Level 2.9 Spellcasting
 + Level 5.1 Hexes


You had 2 spell levels left.
You knew the following spells:

 Your Spells              Type           Power        Failure   Level  Hunger
a - Corona                Hex            ###....      2%          1    #......
b - Ensorcelled Hibernat  Hex/Ice        ##....       12%         2    ##.....
c - Confuse               Hex            ###.....     10%         3    ###....


Dungeon Overview and Level Annotations

Branches:
Dungeon (3/15)

Altars:

Annotations:
D:3 Roxy's ghost, amateur FoFi


Innate Abilities, Weirdness & Mutations

You do not heal naturally.
You are immune to poison.
You have razor-sharp teeth.
You have supernaturally acute eyesight. (SInv)
You can survive without breathing.


Message History

Ouch! That really hurt!
* * * LOW HITPOINT WARNING * * *
Casting: Confuse
Confirm with . or Enter, or press ? or * to list all spells.
Aiming: Confuse
Press: ? - help, Shift-Dir - straight line, f/p - Roxy's ghost
Aim: Roxy's ghost (chance to defeat MR: 45%) Roxy's ghost appears confused.
You are too injured to fight recklessly!
You are too injured to fight recklessly!
You are too injured to fight recklessly!
You hit Roxy's ghost but do no damage.
You catch the helpless Roxy's ghost completely off-guard!
You puncture Roxy's ghost!
Roxy's ghost is moderately damaged.
You catch the helpless Roxy's ghost completely off-guard!
You puncture Roxy's ghost!
Roxy's ghost is severely damaged.
Roxy's ghost hits you.
You die...

### ..# #.#
####.####
##....... #
#..!....##.###.
.. #..W.......
#. #..@.#
.l####.##.?..#
.............#
...##...#....#
#.........#.#
...##...##.#>#
#. ##.###.#.# #
#. ..$.> #.
#.###


You could see Roxy's ghost (confused).

Vanquished Creatures
  Ijyb (D:2)
  3 adders (D:2)
  2 worms (D:2)
  3 dart slugs
  2 leopard geckos
  A giant cockroach (D:2)
  2 goblins
  4 hobgoblins
  A quokka (D:2)
  4 ball pythons
  A bat (D:3)
  A frilled lizard (D:1)
  8 kobolds
  5 rats
38 creatures vanquished.

Notes
Turn   | Place    | Note
-------+----------+-------------------------------------------
     0 | D:1      | snakesoul the Vampire Enchanter began the quest for the Orb.
     0 | D:1      | Reached XP level 1. HP: 13/13 MP: 3/3
   491 | D:1      | Reached XP level 2. HP: 19/19 MP: 5/5
   512 | D:1      | Learned a level 2 spell: Ensorcelled Hibernation
  1072 | D:2      | Reached XP level 3. HP: 24/24 MP: 6/6
  1241 | D:2      | Noticed Ijyb
  1246 | D:2      | Reached skill level 5 in Stealth
  1255 | D:2      | Killed Ijyb
  1255 | D:2      | Reached skill level 5 in Hexes
  1255 | D:2      | Reached XP level 4. HP: 30/30 MP: 5/8
  2938 | D:2      | Learned a level 3 spell: Confuse
  2954 | D:3      | Noticed Roxy's ghost (amateur FoFi)
  3072 | D:3      | Slain by Roxy's ghost

Vault maps used:
D:1:      dpeg_cavernosity, grunt_decor_cap
D:2:      first_bread, uniq_iyjb
D:3:      chequers_ecumenical_altar_simple, corexii_leaking_fountain,
          grunt_qazlal_clouds

Skill      XL: |  1  2  3 |
---------------+----------+-----
Short Blades   | 2 |  2.5
Stealth        | 5 |  5.6
Hexes          | 5 |  5.1
Dodging        | |  2.1
Spellcasting   | |  2.9

Action                   |  1- 3 |  4- 6 || total
-------------------------+-------+-------++-------
Melee: Dagger            |    73 |    54 ||   127
       Bite              |     6 |     4 ||    10
 Cast: Ensorcelled Hiber |    10 |    11 ||    21
       Confuse           |       |     2 ||     2
 Stab: Sleeping          |    12 |     9 ||    21
       Confused          |       |     2 ||     2
       Distracted        |       |     1 ||     1
  Eat: Corpse            |       |     1 ||     1
Armor: Robe              |    22 |    17 ||    39
Dodge: Dodged            |    41 |    39 ||    80
